TOP OF THE 1ST |
---|
Tuscaloosa Trout Slayers batting - Pitching for Blueville 83's : LHP Martin Lowry | Pitching: LHP Martin Lowry | | Batting: RHB Alfredo Díaz | 0-0: Ground out 5-3 (Groundball, 56) | Batting: RHB José Fernández | 0-0: Ball 1-0: Fly out, F8 (Line Drive, 8LD) | Batting: LHB Ed Hart | 0-0: Foul Ball, location: 2F 0-1: Ball 1-1: Foul Ball, location: 2F 1-2: Strikes out swinging | Top of the 1st over - 0 runs, 0 hits, 0 errors, 0 left on base; Tuscaloosa 0 - Blueville 0 | BOTTOM OF THE 1ST |
---|
Blueville 83's batting - Pitching for Tuscaloosa Trout Slayers : RHP Steve Sousa | Pitching: RHP Steve Sousa | | Batting: RHB Carlos Carrillo | 0-0: Foul Ball, location: 2F 0-1: Ball 1-1: Foul Ball, location: 2F 1-2: Ball 2-2: SOLO HOME RUN (Flyball, 78XD), Distance : 426 ft | Batting: RHB José Estrada | 0-0: Ball 1-0: Ball 2-0: Fly out, F3 (Line Drive, 3) | Batting: RHB Eric Johnson | 0-0: Called Strike 0-1: Ball 1-1: Ball 2-1: Called Strike 2-2: Foul Ball, location: 2F 2-2: Foul Ball, location: 2F 2-2: Ball 3-2: Foul Ball, location: 2F 3-2: Strikes out swinging | Batting: LHB Brent Alonzo | 0-0: Ball 1-0: Ball 2-0: Called Strike 2-1: Ball 3-1: Ground out 5-3 (Groundball, 5) | Bottom of the 1st over - 1 run, 1 hit, 0 errors, 0 left on base; Tuscaloosa 0 - Blueville 1 | TOP OF THE 2ND |
---|
Tuscaloosa Trout Slayers batting - Pitching for Blueville 83's : LHP Martin Lowry | Batting: RHB Shigemasa Ishida | 0-0: Foul Ball, location: 2F 0-1: Called Strike 0-2: Foul Ball, location: 2F 0-2: Strikes out looking | Batting: RHB Jason Erickson | 0-0: Ball 1-0: Called Strike 1-1: Ground out 5-3 (Groundball, 5L) | Batting: RHB Juan Reyes | 0-0: Foul Ball, location: 2F 0-1: Ball 1-1: Foul Ball, location: 2F 1-2: Foul Ball, location: 2F 1-2: Ground out 4-3 (Groundball, 4) | Top of the 2nd over - 0 runs, 0 hits, 0 errors, 0 left on base; Tuscaloosa 0 - Blueville 1 | BOTTOM OF THE 2ND |
---|
Blueville 83's batting - Pitching for Tuscaloosa Trout Slayers : RHP Steve Sousa | Batting: RHB Kuniaki Kawashima | 0-0: SINGLE (Groundball, 34D) | Batting: RHB Fernando Díaz | 0-0: Called Strike 0-1: Grounds into double play, 4-6-3 (Groundball, 34) | Batting: RHB Matt Perkins | 0-0: Swinging Strike 0-1: Ball 1-1: Ground out 6-3 (Groundball, 6M) | Bottom of the 2nd over - 0 runs, 1 hit, 0 errors, 0 left on base; Tuscaloosa 0 - Blueville 1 | TOP OF THE 3RD |
---|
Tuscaloosa Trout Slayers batting - Pitching for Blueville 83's : LHP Martin Lowry | Batting: RHB Jason Saunders | 0-0: Foul Ball, location: 2F 0-1: Foul Ball, location: 2F 0-2: Strikes out swinging | Batting: RHB Lynn Ford | 0-0: Ball 1-0: Foul Ball, location: 2F 1-1: Called Strike 1-2: Strikes out looking | Batting: RHB Tetsunori Ito | 0-0: Ball 1-0: Foul Ball, location: 2F 1-1: Called Strike 1-2: Foul Ball, location: 2F 1-2: Foul Ball, location: 2F 1-2: Ball 2-2: Ball 3-2: SINGLE (Line Drive, 4MD) | Batting: RHB Alfredo Díaz | 0-0: Called Strike 0-1: Foul Ball, location: 2F 0-2: Ball 1-2: Strikes out swinging | Top of the 3rd over - 0 runs, 1 hit, 0 errors, 1 left on base; Tuscaloosa 0 - Blueville 1 | BOTTOM OF THE 3RD |
---|
Blueville 83's batting - Pitching for Tuscaloosa Trout Slayers : RHP Steve Sousa | Batting: RHB Daryl Floyd | 0-0: Called Strike 0-1: SINGLE (Groundball, 6MD) | Batting: LHB Curt Causton | 0-0: Ball 1-0: Called Strike 1-1: Swinging Strike 1-2: Strikes out swinging | Batting: RHB Carlos Carrillo | 0-0: Called Strike 0-1: Ball 1-1: Swinging Strike 1-2: Foul Ball, location: 2F 1-2: Ground out U3 (Groundball, 34S) Daryl Floyd to second | Batting: RHB José Estrada | 0-0: Ball 1-0: Ball 2-0: Ball 3-0: Base on Balls | Pitching: RHP Ronald Adams | | Batting: RHB Eric Johnson | 0-0: Called Strike 0-1: Ball 1-1: Ground out 4-3 (Groundball, 34) | Bottom of the 3rd over - 0 runs, 1 hit, 0 errors, 2 left on base; Tuscaloosa 0 - Blueville 1 | TOP OF THE 4TH |
---|
Tuscaloosa Trout Slayers batting - Pitching for Blueville 83's : LHP Martin Lowry | Batting: RHB José Fernández | 0-0: Called Strike 0-1: Called Strike 0-2: Ball 1-2: SINGLE (Groundball, 6MD) | Batting: LHB Ed Hart | 0-0: Called Strike 0-1: DOUBLE (Flyball, 78XD) José Fernández to third | Batting: RHB Shigemasa Ishida | 0-0: Foul Ball, location: 2F 0-1: Foul Ball, location: 2F 0-2: Ball 1-2: Ball 2-2: Ball 3-2: DOUBLE (Line Drive, 9LM) José Fernández scores Ed Hart scores | Batting: RHB Jason Erickson | 0-0: Ball 1-0: Ground out 5-3 (Groundball, 5) | Batting: RHB Juan Reyes | 0-0: Foul Ball, location: 2F 0-1: Reached on error, E3 (Groundball, 34) Shigemasa Ishida to third | Batting: RHB Jason Saunders | 0-0: Ball 1-0: Swinging Strike 1-1: Fly out, F4 (Line Drive, 4) | Batting: RHB Lynn Ford | 0-0: Ball 1-0: Ball 2-0: SINGLE (Flyball, 34D) Shigemasa Ishida scores Juan Reyes to second Runner from 2nd tries for 3rd, SAFE, no throw | Pinch Runner at 3rd Mark Owens: | | Batting: RHB Tetsunori Ito | 0-0: Foul Ball, location: 2F 0-1: Ball 1-1: Swinging Strike 1-2: Ball 2-2: Strikes out looking | Top of the 4th over - 3 runs, 4 hits, 1 error, 2 left on base; Tuscaloosa 3 - Blueville 1 | BOTTOM OF THE 4TH |
---|
Blueville 83's batting - Pitching for Tuscaloosa Trout Slayers : RHP Ronald Adams | Now at 2B: Mark Owens | | Batting: LHB Brent Alonzo | 0-0: Swinging Strike 0-1: Fly out, F7 (Flyball, 78M) | Batting: RHB Kuniaki Kawashima | 0-0: Foul Ball, location: 2F 0-1: SINGLE (Line Drive, 6D) | Batting: RHB Fernando Díaz | 0-0: Called Strike 0-1: Fly out, F8 (Flyball, 8RD) | Batting: RHB Matt Perkins | 0-0: Ball 1-0: Called Strike 1-1: Fly out, F7 (Flyball, 7) | Bottom of the 4th over - 0 runs, 1 hit, 0 errors, 1 left on base; Tuscaloosa 3 - Blueville 1 | TOP OF THE 5TH |
---|
Tuscaloosa Trout Slayers batting - Pitching for Blueville 83's : LHP Martin Lowry | Batting: RHB Alfredo Díaz | 0-0: Fly out, F7 (Line Drive, 7D) | Batting: RHB José Fernández | 0-0: Ball 1-0: Ball 2-0: DOUBLE (Line Drive, 78D) | Batting: LHB Ed Hart | 0-0: SINGLE (Line Drive, 4M) José Fernández to third | Batting: RHB Shigemasa Ishida | 0-0: Called Strike 0-1: Foul Ball, location: 2F 0-2: Foul Ball, location: 2F 0-2: Strikes out swinging | Batting: RHB Jason Erickson | 0-0: Ball 1-0: Ball 2-0: Ball 3-0: Called Strike 3-1: Foul Ball, location: 2F 3-2: SINGLE (Groundball, 3D) José Fernández scores Ed Hart to second Ed Hart to third | Batting: LHB Mark Owens | 0-0: Ball 1-0: Foul Ball, location: 2F 1-1: Ball 2-1: Foul Ball, location: 2F 2-2: Strikes out swinging | Top of the 5th over - 1 run, 3 hits, 0 errors, 2 left on base; Tuscaloosa 4 - Blueville 1 | BOTTOM OF THE 5TH |
---|
Blueville 83's batting - Pitching for Tuscaloosa Trout Slayers : RHP Ronald Adams | Batting: RHB Daryl Floyd | 0-0: Ball 1-0: Ball 2-0: Ball 3-0: Called Strike 3-1: Fly out, F9 (Flyball, 89XD) | Batting: LHB Curt Causton | 0-0: Ball 1-0: Ball 2-0: Ball 3-0: Called Strike 3-1: SINGLE (Line Drive, 89S) | Batting: RHB Carlos Carrillo | 0-0: Foul Ball, location: 2F 0-1: Ball 1-1: Fly out, F7 (Flyball, 7LD) | Batting: RHB José Estrada | 0-0: Ball 1-0: Swinging Strike 1-1: Ball 2-1: Foul Ball, location: 2F 2-2: Foul Ball, location: 2F 2-2: Ball 3-2: Base on Balls Curt Causton to second | Batting: RHB Eric Johnson | 0-0: Called Strike 0-1: Ball 1-1: Ball 2-1: Fly out, F8 (Flyball, 8RD) | Bottom of the 5th over - 0 runs, 1 hit, 0 errors, 2 left on base; Tuscaloosa 4 - Blueville 1 | TOP OF THE 6TH |
---|
Tuscaloosa Trout Slayers batting - Pitching for Blueville 83's : LHP Martin Lowry | Batting: RHB Jason Saunders | 0-0: Ball 1-0: Called Strike 1-1: Foul Ball, location: 2F 1-2: Ball 2-2: Foul Ball, location: 2F 2-2: Foul Ball, location: 2F 2-2: Fly out, F7 (Flyball, 7) | Batting: RHB Lynn Ford | 0-0: Fly out, F8 (Flyball, 8LM) | Batting: RHB Tetsunori Ito | 0-0: Called Strike 0-1: Ball 1-1: SINGLE (Line Drive, 78S) | Batting: RHB Alfredo Díaz | 0-0: Fielders Choice at 2nd, 6-4 (Groundball, 6) | Top of the 6th over - 0 runs, 1 hit, 0 errors, 1 left on base; Tuscaloosa 4 - Blueville 1 | BOTTOM OF THE 6TH |
---|
Blueville 83's batting - Pitching for Tuscaloosa Trout Slayers : RHP Ronald Adams | Batting: LHB Brent Alonzo | 0-0: DOUBLE (Line Drive, 7LM) | Batting: RHB Kuniaki Kawashima | 0-0: Ball 1-0: Foul Ball, location: 2F 1-1: Ball 2-1: Ball 3-1: Called Strike 3-2: Foul Ball, location: 2F 3-2: SINGLE (Flyball, 78M) Brent Alonzo to third | Batting: RHB Fernando Díaz | 0-0: Called Strike 0-1: Swinging Strike 0-2: Ball 1-2: SINGLE (Flyball, 9LS) Brent Alonzo scores Kuniaki Kawashima to second Runner from 2nd tries for 3rd, SAFE, no throw | Batting: RHB Matt Perkins | 0-0: Ball 1-0: Foul Ball, location: 2F 1-1: Ground out 4-3 (Groundball, 4S) Fernando Díaz to second | Batting: RHB Daryl Floyd | 0-0: Ball 1-0: Foul Ball, location: 2F 1-1: Ball 2-1: Foul Ball, location: 2F 2-2: Ball 3-2: SINGLE (Flyball, 78M) Kuniaki Kawashima scores Fernando Díaz to third Runner from 3rd tries for Home, SAFE, no throw | Pitching: RHP Matt McGinnity | | Batting: LHB Curt Causton | 0-0: Ball 1-0: Ball 2-0: Grounds into double play, 6-4-3 (Groundball, 6M) | Bottom of the 6th over - 3 runs, 4 hits, 0 errors, 0 left on base; Tuscaloosa 4 - Blueville 4 | TOP OF THE 7TH |
---|
Tuscaloosa Trout Slayers batting - Pitching for Blueville 83's : LHP Martin Lowry | Pitching: RHP Ray Watkins | | Batting: RHB José Fernández | 0-0: Ball 1-0: Ball 2-0: Called Strike 2-1: Ball 3-1: Base on Balls | Batting: LHB Ed Hart | 0-0: Fly out, F4 (Popup, 4M) | Pinch Hitting: LHB Marcos Villarreal | 0-0: SINGLE (Line Drive, 8LS) José Fernández to second | Batting: RHB Jason Erickson | 0-0: Ball 1-0: Called Strike 1-1: Fly out, F8 (Flyball, 8LD) | Pinch Hitting: LHB Juan Hernández | 0-0: Ball Wild Pitch! José Fernández to third Marcos Villarreal to second 1-0: Ball 2-0: Ball 3-0: Base on Balls | Pinch Hitting: LHB Miguel Rosa | 0-0: Called Strike 0-1: Ground out U3 (Groundball, 3) | Top of the 7th over - 0 runs, 1 hit, 0 errors, 3 left on base; Tuscaloosa 4 - Blueville 4 | BOTTOM OF THE 7TH |
---|
Blueville 83's batting - Pitching for Tuscaloosa Trout Slayers : RHP Matt McGinnity | Now at 1B: Marcos Villarreal | | Now at 2B: Iván Moreno | | Now at 3B: José Ortega | | Pinch Hitting: LHB Bob Martin | 0-0: Swinging Strike 0-1: Swinging Strike 0-2: Foul Ball, location: 2F 0-2: Foul Ball, location: 2F 0-2: Ball 1-2: Ball 2-2: Foul Ball, location: 2F 2-2: Strikes out swinging | Batting: RHB José Estrada | 0-0: Ball 1-0: Foul Ball, location: 2F 1-1: Fly out, F3 (Popup, 34S) | Batting: RHB Eric Johnson | 0-0: Foul Ball, location: 2F 0-1: Swinging Strike 0-2: Ball 1-2: Fly out, F3 (Line Drive, 3S) | Bottom of the 7th over - 0 runs, 0 hits, 0 errors, 0 left on base; Tuscaloosa 4 - Blueville 4 | TOP OF THE 8TH |
---|
Tuscaloosa Trout Slayers batting - Pitching for Blueville 83's : RHP Ray Watkins | Now at 3B: Bob Martin | | Pinch Hitting: RHB Pat Fullerton | 0-0: Foul Ball, location: 2F 0-1: Ball 1-1: Swinging Strike 1-2: Foul Ball, location: 2F 1-2: Ground out 5-3 (Groundball, 56) | Batting: RHB Tetsunori Ito | 0-0: Ball 1-0: SINGLE (Groundball, 3S) (infield hit) | Batting: RHB Alfredo Díaz | 0-0: Called Strike 0-1: Ball 1-1: Ball 2-1: Called Strike 2-2: Ball 3-2: Base on Balls Tetsunori Ito to second | Pitching: LHP León Hernández | | Batting: RHB José Fernández | 0-0: Called Strike 0-1: Ball 1-1: Foul Ball, location: 2F 1-2: Strikes out looking | Pinch Hitting: RHB Kyle O'Day | 0-0: Ball 1-0: Ball 2-0: Called Strike 2-1: Foul Ball, location: 2F 2-2: Strikes out swinging | Top of the 8th over - 0 runs, 1 hit, 0 errors, 2 left on base; Tuscaloosa 4 - Blueville 4 | BOTTOM OF THE 8TH |
---|
Blueville 83's batting - Pitching for Tuscaloosa Trout Slayers : RHP Matt McGinnity | Now in LF: Kurt Walter | | Now in CF: Pat Fullerton | | Batting: LHB Brent Alonzo | 0-0: Ball 1-0: Ball 2-0: Fly out, F6 (Popup, 6M) | Batting: RHB Kuniaki Kawashima | 0-0: Ground out U3 (Groundball, 34S) | Batting: RHB Fernando Díaz | 0-0: Called Strike 0-1: Ball 1-1: Ball 2-1: Ball 3-1: Swinging Strike 3-2: Strikes out looking | Bottom of the 8th over - 0 runs, 0 hits, 0 errors, 0 left on base; Tuscaloosa 4 - Blueville 4 | TOP OF THE 9TH |
---|
Tuscaloosa Trout Slayers batting - Pitching for Blueville 83's : LHP León Hernández | Batting: LHB Marcos Villarreal | 0-0: Ball 1-0: Ball 2-0: Ball 3-0: Called Strike 3-1: SOLO HOME RUN (Flyball, 9LD), Distance : 365 ft | Batting: RHB Jason Erickson | 0-0: Swinging Strike 0-1: Ball 1-1: Called Strike 1-2: Strikes out looking | Batting: RHB Iván Moreno | 0-0: Ball 1-0: Called Strike 1-1: Swinging Strike 1-2: Fly out, F9 (Line Drive, 9) | Batting: RHB José Ortega | 0-0: Called Strike 0-1: Called Strike 0-2: Strikes out looking | Top of the 9th over - 1 run, 1 hit, 0 errors, 0 left on base; Tuscaloosa 5 - Blueville 4 | BOTTOM OF THE 9TH |
---|
Blueville 83's batting - Pitching for Tuscaloosa Trout Slayers : RHP Matt McGinnity | Batting: RHB Matt Perkins | 0-0: Called Strike 0-1: Foul Ball, location: 2F 0-2: Strikes out looking | Pinch Hitting: LHB Jacob Wright | 0-0: Ball 1-0: Swinging Strike 1-1: Called Strike 1-2: Ball 2-2: Ball 3-2: Foul Ball, location: 2F 3-2: Strikes out looking | Batting: LHB Curt Causton | 0-0: Ground out 4-3 (Groundball, 4) | Bottom of the 9th over - 0 runs, 0 hits, 0 errors, 0 left on base; Tuscaloosa 5 - Blueville 4 | |